cohdb
Replays
Latest Replays
All Replays
Popular Replays
Top Player Replays
Match Explorer
How It Works
Community
CoH3 Stats
Reddit
Sign in to upload your games and track your stats! →
Sign in with Steam
Match 44586664
Unlisted
Match 44586664
Overview
Messages
Build Orders
End
Selects Australian Defense Battlegroup
Selects Australian Light Infantry Section
Australian Light Infantry Section
Vickers Machine Gun Team
Australian Light Infantry Section
Construct Section Command Post
Australian Light Infantry Section
Selects Defensive Tactics
Construct Field Infirmary
Construct Platoon Command Post
Selects Hold the Line!
Selects CMP 15cwt Supply Run
CMP 15cwt Supply Run
Chubbybro
JT
Knightz
只出曲线
[CoA] Deathkrieg
moemoe
tadeosotomayor9
1655692477
0
0
Comments
sign in to comment!
No comments posted yet!